 Dungeon Crawl Stone Soup version 0.16.1-11-g651b585 (webtiles) character file.

153 Woebin the Conjurer (level 5, 0/28 HPs)
             Began as a Deep Elf Conjurer on Mar 25, 2015.
             Succumbed to a centaur's poison
             ... on level 3 of the Dungeon on Mar 30, 2015.
             The game lasted 00:10:26 (2152 turns).

Woebin the Conjurer (Deep Elf Conjurer)             Turns: 2152, Time: 00:10:26

Health: 0/28       AC:  2    Str:  5    XL:     5   Next: 12%
Magic:  2/18       EV: 13    Int: 21    God:
Gold:   135        SH:  0    Dex: 15    Spells: 3 memorised, 4 levels left

rFire  + . .     SeeInvis .     f - +2 dagger (drain)
rCold  . . .     Clarity  .     a - +0 robe
rNeg   . . .     SustAb   .     (no shield)
rPois  .         Gourm    +     (no helmet)
rElec  .         Spirit   .     (no cloak)
rCorr  .         Warding  .     (no gloves)
rMut   .         Stasis   .     (no boots)
MR     .....                    i - amulet of the gourmand
Stlth  ++........               (no ring)
                                d - ring of protection from fire

@: lethally poisoned (0 -> -26), not resistant to hostile enchantments,
unstealthy
A: no striking features
a: no special abilities


You were on level 3 of the Dungeon.
You were very full.

You visited 1 branch of the dungeon, and saw 3 of its levels.

You collected 135 gold pieces.

Inventory:

Hand weapons
 f - a +2 dagger of draining (weapon)
Armour
 a - a +0 robe (worn)
Jewellery
 d - a ring of protection from fire (left hand)
 i - an amulet of the gourmand (around neck)
Scrolls
 k - a scroll of recharging {unknown}
 o - 2 scrolls of identify {unknown}
 p - 3 scrolls of teleportation {unknown}
Potions
 e - 2 potions of curing {unknown}
 g - a potion of cancellation {unknown}
 j - a potion of agility {unknown}
 l - 2 potions of heal wounds {unknown}
 m - a potion of might {unknown}
 n - a potion of lignification {unknown}
Books
 c - a book of Conjurations

   Spells                             Type                      Level
   a - Magic Dart                     Conjuration                  1
   b - Searing Ray                    Conjuration                  2
   c - Dazzling Spray                 Conjuration/Hexes            3
   d - Fulminant Prism                Conjuration/Hexes            4
   e - Iskenderun's Mystic Blast      Conjuration                  4
   f - Iskenderun's Battlesphere      Conjuration/Charms           5
Comestibles
 b - 3 bread rations
 h - a beef jerky


   Skills:
 + Level 0.4 Short Blades
 + Level 2.7 Dodging
 + Level 3.3 Stealth
 + Level 0.2 Unarmed Combat
 + Level 4.3 Spellcasting
 + Level 5.9 Conjurations
 + Level 1.0 Hexes


You had 4 spell levels left.
You knew the following spells:

 Your Spells              Type           Power        Failure   Level  Hunger
a - Magic Dart            Conj           ####         1%          1    None
b - Dazzling Spray        Conj/Hex       ###.....     10%         3    ##.....
c - Iskenderun's Mystic   Conj           ####....     12%         4    ####...


Dungeon Overview and Level Annotations

Branches:
Dungeon (3/15)

Altars:
Cheibriados
Fedhas
Vehumet


Message History

The orb of energy hits the centaur.
The centaur is almost dead.
The hobgoblin shouts!
The centaur shoots a poisoned arrow.
The poisoned arrow hits you!
Ouch! That really hurt!
You are lethally poisoned!
The centaur shoots a poisoned arrow.
The poisoned arrow hits you!
* * * LOW HITPOINT WARNING * * *
You are more poisoned.
Casting: Iskenderun's Mystic Blast
Confirm with . or Enter, or press ? or * to list all spells.
Aiming: Iskenderun's Mystic Blast
Press: ? - help, Shift-Dir - straight line, f/p - centaur
Aim: a centaur, wielding a shortbow (almost dead)
The orb of energy misses the goblin.
The orb of energy hits the centaur.
You kill the centaur!
Your Stealth skill increases to level 3!
Your Spellcasting skill increases to level 4!
Your Hexes skill increases to level 1!
You have reached level 5!
You die...

. .# .. .. .# #
# #. .#.#
#.#.#.#. ###
.###.#.... ..).
.........#g....
#...?.....g...
#@# #.# #.# #.#
#.# #.# #.# #.#
#.# #.#
#.###### #.#
#......# #.#


You could see a hobgoblin and a goblin.

Vanquished Creatures
  A centaur (D:3)
  3 adders (D:2)
  3 giant cockroaches
  7 hobgoblins
  4 jackals
  A quokka (D:2)
  A ball python (D:2)
  4 bats
  A giant gecko (D:2)
  2 giant newts (D:2)
  6 goblins
  6 kobolds
  12 rats
51 creatures vanquished.

Notes
Turn   | Place    | Note
--------------------------------------------------------------
     0 | D:1      | Woebin, the Deep Elf Conjurer, began the quest for the Orb.
     0 | D:1      | Reached XP level 1. HP: 10/10 MP: 5/5
    64 | D:1      | Found a snail-covered altar of Cheibriados.
   420 | D:1      | Reached XP level 2. HP: 15/15 MP: 4/8
   696 | D:1      | Reached skill level 5 in Conjurations
  1060 | D:2      | Reached XP level 3. HP: 19/19 MP: 5/11
  1067 | D:2      | Learned a level 3 spell: Dazzling Spray
  1172 | D:2      | Found a radiant altar of Vehumet.
  1682 | D:2      | Upgraded the game from 0.16.1-2-g95b8d4c to 0.16.1-11-g651b585
  1754 | D:2      | Reached XP level 4. HP: 24/24 MP: 7/14
  1760 | D:2      | Learned a level 4 spell: Iskenderun's Mystic Blast
  1843 | D:2      | Found a blossoming altar of Fedhas.
  2149 | D:3      | Noticed a centaur
  2152 | D:3      | Killed a centaur
  2152 | D:3      | Reached skill level 1 in Hexes
  2152 | D:3      | Reached XP level 5. HP: 2/28 MP: 2/18
  2152 | D:3      | Succumbed to a centaur's poison

Action                   |  1- 3 |  4- 6 || total
-------------------------+-------+-------++-------
Melee: Unarmed           |     1 |       ||     1
       Dagger            |    19 |       ||    19
 Cast: Magic Dart        |    64 |     1 ||    65
       Dazzling Spray    |     7 |       ||     7
       Iskenderun's Myst |       |     8 ||     8
 Stab: Sleeping          |     1 |       ||     1
  Eat: Chunk             |    14 |     2 ||    16
